 Dungeon Crawl Stone Soup version 0.30.1-11-g7821555f0a (webtiles) character file.

Game seed: 16432373848194261699

455 Zordon the Magician (level 7, -1/48 HPs)
             Began as a Djinni Conjurer on Nov 28, 2023.
             Slain by an orc warrior
             ... wielding a +0 glaive
              (14 damage)
             ... on level 5 of the Dungeon.
             The game lasted 00:07:33 (1157 turns).

Zordon the Magician (Djinni Conjurer)               Turns: 1157, Time: 00:07:33

Health: -1/48      AC:  2    Str:  8    XL:     7   Next: 26%
Gold:   46         EV: 12    Int: 26    God:
                   SH:  0    Dex: 11

rFire   + + .        c - +1 short sword (venom)
rCold   x . .        (no shield)
rNeg    . . .        a - +0 robe
rPois   ∞            (no helmet)
rElec   .            (no cloak)
rCorr   .            (no gloves)
SInv    .            (boots unavailable)
Will    .....        (no amulet)
Stlth   ++           f - +6 ring of intelligence
HPRegen 0.28/turn    (no ring)
MPRegen 0.00/turn

%: infuse magic (-2 HP)
@: flying
A: sickness immunity, fire resistance 2, cold vulnerability 1, float, innate
caster, HP casting, extra vitality 1
a: no special abilities


You were on level 5 of the Dungeon.
You visited 1 branch of the dungeon, and saw 5 of its levels.

You collected 46 gold pieces.

Inventory:

Hand Weapons
 c - a +1 short sword of venom (weapon)
Armour
 a - a +0 robe (worn)
Jewellery
 f - a +6 ring of intelligence (left hand)
Wands
 d - a wand of light (10)
Potions
 b - 2 potions of degeneration {unknown}
 e - a potion of berserk rage {unknown}
 g - 2 potions of cancellation


   Skills:
 * Level 1.8 Fighting
 * Level 0.7 Short Blades
 * Level 1.8 Armour
 * Level 2.9 Dodging
 * Level 2.3 Stealth
 * Level 5.3 Spellcasting
 * Level 1.0 Evocations


You knew the following spells:

 Your Spells              Type           Power      Damage    Failure   Level
a - Magic Dart            Conj           100%       1d8       1%          1
b - Searing Ray           Conj           68%        2d6       1%          2
c - Dazzling Flash        Conj/Hex       68%        N/A       2%          3
d - Fulminant Prism       Conj/Hex       17%        3d11      9%          4
e - Iskenderun's Mystic   Conj/Tloc      34%        2d8       9%          4
f - Kiss of Death         Conj/Necr      100%       2d13      1%          1
g - Call Imp              Summ           68%        N/A       1%          2
h - Momentum Strike       Conj/Tloc      68%        3d9       1%          2
Your spell library was empty.

Dungeon Overview and Level Annotations

Branches:
Dungeon (5/15)
 Temple: D:4-7

Altars:


Innate Abilities, Weirdness & Mutations

You are immune to sickness and miasma.
You are immune to poison.
Your flesh is very heat resistant. (rF++)
You are vulnerable to cold. (rC-)
You float through the air rather than walking.
You learn spells naturally, not from books.
Your magical power is your life essence.
You have superior vitality. (+4 MHP)


Message History

You kill the black bear!
Your Evocations skill increases to level 1!
Unknown command.
You cannot move.
Aiming: Bolt of Light
Press: ? - help, Shift-Dir - straight line, f - orc warrior
Aim: an orc warrior, wielding a +0 glaive and wearing a +0 plate armour (71% to hit)
The bolt of light hits the orc warrior!
The orc warrior is heavily wounded.
The orc warrior is blinded.
You are no longer robbed of momentum.
Casting: Magic Dart (safe; 1% risk of failure)
Confirm with . or Enter, or press ? or * to list all spells.
A tiny devil pulls itself out of the air.
Your cerulean imp closely misses the orc warrior.
You see here an iguana corpse.
Your cerulean imp hits the orc warrior but does no damage.
Your cerulean imp barely misses the orc warrior.
Casting: Call Imp (safe; 1% risk of failure)
Confirm with . or Enter, or press ? or * to list all spells.
Aiming: Magic Dart (safe; 1% risk of failure)
Press: ? - help, Shift-Dir - straight line, f/p - orc warrior
Aim: an orc warrior, wielding a +0 glaive and wearing a +0 plate armour (heavily wounded, blind, ally target, 100% to hit)
The magic dart hits the orc warrior.
The orc warrior is severely wounded.
The orc warrior closely misses you.
Your cerulean imp hits the orc warrior with a -1 spear.
Your cerulean imp hits the orc warrior but does no damage.
Your cerulean imp hits the orc warrior but does no damage.
You hit the orc warrior but do no damage.
The orc warrior is poisoned.
The orc warrior is severely wounded.
The orc warrior hits you with a +0 glaive!!
* * * LOW HITPOINT WARNING * * *
Your cerulean imp barely misses the orc warrior.
Your cerulean imp hits the orc warrior but does no damage.
The orc warrior shouts!
The orc warrior is no longer blind.
The orc warrior hits you from afar with a +0 glaive!
You die...

## #.# # #.##.. ##########
#...... #........####
##.......
............######........
................@..#######
..................o#...
...................#.#?#.#.
.............<.†..5..!.....
...................########
.......................
......................#
....................###
...... ..............#


You could see an orc warrior (very poisoned, ally target) and a friendly
cerulean imp (summoned).

Vanquished Creatures
  Sigmund (D:2)
  A black bear (D:5)
  An ogre (D:5)
  A sleepcap (D:5)
  Terence (D:2)
  An iguana (D:5)
  An adder (D:4)
  A shadow imp (D:5)
  A worm (D:2)
  3 bats
  2 endoplasms
  4 goblins
  3 hobgoblins (D:2)
  2 jackals (D:2)
  A quokka (D:1)
  2 frilled lizards (D:2)
  A kobold (D:2)
  5 rats
32 creatures vanquished.

Notes
Turn   | Place    | Note
-------+----------+-------------------------------------------
     0 | D:1      | Zordon the Djinni Conjurer began the quest for the Orb.
     0 | D:1      | Zordon set off with the following spells memorised: Magic
                  | Dart, Searing Ray, Dazzling Flash, Fulminant Prism,
                  | Iskenderun's Mystic Blast.
     0 | D:1      | Reached XP level 1. HP: 15/15 MP: 0/0
   164 | D:1      | Reached XP level 2. HP: 18/21 MP: 0/0
   376 | D:2      | Noticed Sigmund
   490 | D:2      | Reached XP level 3. HP: 23/25 MP: 0/0
   490 | D:2      | Learned a level 1 spell: Kiss of Death
   620 | D:2      | Noticed Terence
   647 | D:2      | HP: 1/26 [Sigmund/bolt of light (14)]
   655 | D:2      | Killed Sigmund
   656 | D:2      | Reached skill level 1 in Fighting
   656 | D:2      | Reached skill level 1 in Armour
   656 | D:2      | Reached skill level 4 in Spellcasting
   656 | D:2      | Reached XP level 4. HP: 6/32 MP: 0/0
   656 | D:2      | Reached XP level 5. HP: 7/37 MP: 0/0
   656 | D:2      | Learned a level 2 spell: Call Imp
   677 | D:2      | Killed Terence
   678 | D:2      | Reached XP level 6. HP: 20/42 MP: 0/0
   785 | D:3      | Noticed an ogre
   887 | D:5      | Entered Level 5 of the Dungeon
   998 | D:5      | Noticed an ogre
  1008 | D:5      | Killed an ogre
  1009 | D:5      | Reached skill level 5 in Spellcasting
  1079 | D:5      | Reached XP level 7. HP: 27/48 MP: 0/0
  1079 | D:5      | Learned a level 2 spell: Momentum Strike
  1142 | D:5      | Reached skill level 1 in Evocations
  1157 | D:5      | Slain by an orc warrior

Illustrated notes

Levels and vault maps discovered:
D:1:      roderic_crossed_star, layout_basic, serial_shops,
          nicolae_shop_tiny_glass, minmay_split_cup_large
D:2:      layout_loops_ring, uniq_crazy_yiuf_cottage, uniq_terence, uniq_sigmund
D:3:      layout_loops_corners
D:4:      layout_basic, minmay_temple_entry_nine_rooms, uniq_edmund
D:5:      layout_layer_cave, lemuel_crystal_altar, hangedman_minor_gate_pass

Skill      XL: |  1  2  3  4  5  6  7 |
---------------+----------------------+-----
Fighting       | 1 |  1.8
Armour         | 1 |  1.8
Stealth        | 2 |  2.3
Spellcasting   | 4 5 |  5.3
Evocations     | 1 |  1.0
Short Blades   | |  0.7
Dodging        | |  2.9

Action                     |  1- 3 |  4- 6 |  7- 9 || total
---------------------------+-------+-------+-------++-------
  Melee: Unarmed           |     1 |       |       ||     1
         Short sword       |       |     8 |     2 ||    10
   Cast: Magic Dart        |    16 |     3 |     2 ||    21
         Searing Ray       |    13 |     5 |       ||    18
         Call Imp          |       |     2 |     2 ||     4
         Kiss of Death     |       |     1 |       ||     1
         Momentum Strike   |       |       |     2 ||     2
  Evoke: Wand              |       |     1 |     1 ||     2
    Use: Scroll            |     4 |       |       ||     4
         Potion            |     2 |     1 |       ||     3
 Armour: Robe              |     5 |     2 |       ||     7
  Dodge: Dodged            |    18 |     8 |     1 ||    27
